 Dungeon Crawl Stone Soup version 0.25-a0-435-g4b9beb1024 (webtiles) character file.

Game seed: 979547348263891976, levelgen mode: deterministic

121 Kohma the Bolt Thrower (level 5, -7/30 HPs)
             Began as a Kobold Hunter on Jan 29, 2020.
             Mangled by an iguana (12 damage)
             ... on level 3 of the Dungeon.
             The game lasted 00:05:12 (2292 turns).

Kohma the Bolt Thrower (Kobold Hunter)              Turns: 2292, Time: 00:05:13

Health: -7/30      AC:  5    Str: 11    XL:     5   Next: 26%
Magic:  5/5        EV: 16    Int: 12    God:
Gold:   83         SH:  0    Dex: 15    Spells: 4/4 levels left

rFire    . . .     SeeInvis .   b - +3 dagger
rCold    . . .     Gourm    .   (shield restricted)
rNeg     . . .     Faith    .   c - +0 leather armour
rPois    .         Spirit   .   (no helmet)
rElec    .         Reflect  .   u - +0 cloak
rCorr    .         Harm     .   (no gloves)
MR       .....                  k - +0 pair of boots
Stlth    ++........             (no amulet)
HPRegen  0.10/turn              (no ring)
MPRegen  0.09/turn              (no ring)

@: lethally poisoned (-7 -> -17)
A: small, carnivore
a: no special abilities


You were on level 3 of the Dungeon.
You were completely stuffed.

You visited 1 branch of the dungeon, and saw 3 of its levels.

You collected 83 gold pieces.

Inventory:

Hand Weapons
 a - a +1 hand crossbow
 b - a +3 dagger (weapon)
 i - a +0 short sword
Missiles
 d - 51 bolts
 x - 10 poisoned darts (quivered)
Armour
 c - a +0 leather armour (worn)
 k - a +0 pair of boots (worn)
 u - a +0 cloak (worn)
 y - a +0 ring mail
Jewellery
 e - an uncursed amulet of rage {unknown}
Wands
 l - a wand of paralysis (9)
Scrolls
 h - a scroll of amnesia {unknown}
 j - 3 scrolls of identify {unknown}
 m - a scroll of enchant weapon {unknown}
 o - a scroll of random uselessness {unknown}
 r - a scroll of magic mapping {unknown}
 s - 2 scrolls of remove curse {unknown}
 v - 2 scrolls of immolation {unknown}
Potions
 g - 2 potions of curing {unknown}
 n - a potion of brilliance {unknown}
 p - a potion of magic {unknown}
 q - 2 potions of flight {unknown}
 w - a potion of mutation {unknown}
 z - a potion of degeneration {unknown}
 A - a potion of might {unknown}
Comestibles
 f - 4 rations
 t - 3 chunks of flesh


   Skills:
 - Level 2.1 Fighting
 + Level 2.5 Short Blades
 + Level 6.0 Crossbows
 + Level 4.2 Dodging
 - Level 1.3 Stealth


You had 4 spell levels left.
You didn't know any spells.
Your spell library was empty.

Dungeon Overview and Level Annotations

Branches:
Dungeon (3/15)

Altars:
Uskayaw


Innate Abilities, Weirdness & Mutations

You are small and have problems with some larger weapons.
You are carnivorous and can eat meat at any time.


Message History

You feel sick.
You feel sick. The iguana barely misses you.
Things that are here:
a +0 dagger; a +1 dagger of venom; a goblin corpse You closely miss the iguana.
You feel sick. The iguana bites you!
You puncture the iguana!
The iguana is heavily wounded.
You feel sick. The iguana closely misses you.
You hit the iguana.
The iguana is heavily wounded.
You feel sick. The iguana closely misses you.
You hit the iguana.
The iguana is almost dead.
The iguana bites you!
* * * LOW HITPOINT WARNING * * *
You hit the iguana but do no damage.
The iguana is almost dead.
* * * LOW HITPOINT WARNING * * *
You feel sick. The iguana bites you!
You die...

................'.÷.......
##......#########...##....
##......# ...........+....
##......#
######........... #......#
#.########## ######## #.#
#.# #)# #@# #l# ...g)...#
....g.### ...... .....
≈.... .≈≈≈ ≈≈g≈


You could see an iguana.

Vanquished Creatures
  5 adders
  3 worms (D:2)
  2 dart slugs (D:1)
  A leopard gecko (D:1)
  9 bats
  4 giant cockroaches
  12 goblins
  2 hobgoblins
  4 jackals (D:1)
  A quokka (D:2)
  2 frilled lizards (D:2)
  5 kobolds
  13 rats
63 creatures vanquished.

Notes
Turn   | Place    | Note
-------+----------+-------------------------------------------
     0 | D:1      | Kohma the Kobold Hunter began the quest for the Orb.
     0 | D:1      | Reached XP level 1. HP: 12/12 MP: 1/1
    90 | D:1      | Reached skill level 5 in Crossbows
    90 | D:1      | Reached XP level 2. HP: 17/17 MP: 2/2
   214 | D:1      | Reached XP level 3. HP: 12/21 MP: 3/3
   732 | D:1      | Reached skill level 1 in Short Blades
   920 | D:2      | Reached XP level 4. HP: 7/26 MP: 4/4
  2083 | D:3      | Reached XP level 5. HP: 30/30 MP: 5/5
  2084 | D:3      | Reached skill level 6 in Crossbows
  2221 | D:3      | Noticed a +0 dagger
  2221 | D:3      | Noticed a +0 dagger
  2226 | D:3      | Found a hide-covered altar of Uskayaw.
  2292 | D:3      | Mangled by an iguana

Levels and vault maps discovered:
D:1:      dpeg_arrival_prison, layout_rooms, minmay_domino_4
D:2:      layout_basic, minmay_misc_feat_encased
D:3:      layout_basic, dancing_weapons_uskayaw, kennysheep_donut,
          minmay_goblin_outpost

Skill      XL: |  1  2  3  4  5 |
---------------+----------------+-----
Crossbows      | 5 6 |  6.0
Dodging        | 3 4 |  4.2
Short Blades   | 1 2 |  2.5
Fighting       | |  2.1
Stealth        | |  1.3

Action                   |  1- 3 |  4- 6 || total
-------------------------+-------+-------++-------
Melee: Dagger            |    77 |    88 ||   165
 Fire: Hand crossbow     |    26 |    13 ||    39
 Stab: Sleeping          |     2 |     1 ||     3
  Eat: Chunk             |     8 |     5 ||    13
Armor: Leather armour    |    17 |    14 ||    31
Dodge: Dodged            |    74 |    60 ||   134

Table legend:
 A = Non-vault XP
 B = Vault XP
 C = Vault XP percentage of total XP
 D = Non-vault monster count
 E = Vault monster count
 F = Vault count percentage of total count
                 A         B        C        D         E       F
            +---------+---------+-------+---------+---------+-------
      Total |     152 |      22 |  12.6 |      48 |      15 |  23.8
            +---------+---------+-------+---------+---------+-------
        D:1 |      40 |      11 |  21.6 |      20 |       9 |  31.0
        D:2 |      81 |       0 |   0.0 |      23 |       0 |   0.0
        D:3 |      31 |      11 |  26.2 |       5 |       6 |  54.5
            +---------+---------+-------+---------+---------+-------
